 Dungeon Crawl Stone Soup version 0.29-a0-22-gbf593b16ee (webtiles) character file.

Game seed: 13731825384049157588

51 Ajdolov the Chopper (level 3, -6/34 HPs)
             Began as a Hill Orc Fighter on Jan 29, 2022.
             Killed by divine providence
             ... invoked by an orc priest
              (16 damage)
             ... on level 3 of the Dungeon.
             The game lasted 00:02:56 (1751 turns).

Ajdolov the Chopper (Hill Orc Fighter)              Turns: 1751, Time: 00:02:57

Health: -6/34      AC:  9    Str: 20    XL:     3   Next: 83%
Magic:  3/3        EV: 11    Int:  8    God:
Gold:   83         SH:  4    Dex: 10    Spells: 2/2 levels left

rFire   . . .      SeeInvis .   a - +0 war axe
rCold   . . .      Faith    .   c - +0 buckler
rNeg    . . .      Spirit   .   e - +0 chain mail
rPois   .          Reflect  .   (no helmet)
rElec   .          Harm     .   (no cloak)
rCorr   .          Rampage  .   (no gloves)
Will    .....                   (no boots)
Stlth   ..........              (no amulet)
HPRegen 0.11/turn               g - +4 ring of evasion
MPRegen 0.08/turn               (no ring)

@: lethally poisoned (-6 -> -11)
A: no striking features
a: Convert to Beogh


You were on level 3 of the Dungeon.
You visited 1 branch of the dungeon, and saw 3 of its levels.

You collected 83 gold pieces.

Inventory:

Hand Weapons
 a - a +0 war axe (weapon)
Armour
 c - a +0 buckler (worn)
 e - a +0 chain mail (worn)
Jewellery
 g - a +4 ring of evasion (left hand)
Scrolls
 b - a scroll of identify {unknown}
 h - a scroll of enchant armour {unknown}
 j - a scroll of magic mapping {unknown}
 k - a scroll of noise {unknown}
 l - a scroll of teleportation {unknown}
Potions
 d - a potion of might
 f - a potion of magic {unknown}
 i - 2 potions of curing {unknown}


   Skills:
 + Level 4.3 Fighting
 * Level 4.7 Axes
 - Level 3.2 Armour
 - Level 3.2 Shields


You had 2 spell levels left.
You didn't know any spells.
Your spell library was empty.

Dungeon Overview and Level Annotations

Branches:
Dungeon (3/15)

Altars:

Shops:
D:1 !!

Annotations:
D:2 1 runed translucent door, Crazy Yiuf


Message History

The orc shouts!
You hear a shout!
An orc priest comes into view. It is wielding a +0 flail.
You hear a shout! x2
You completely miss the orc. The orc closely misses you.
You slash the orc!
You kill the orc!
An orc priest comes into view. It is wielding a +0 short sword.
The orc priest shouts, "Join the one true god or die!" (press Y on the ability menu to convert to Beogh)
The orc priest shouts!
An adder comes into view.
Things that are here:
a +0 club; a +0 chain mail; an orc corpse An orc comes into view.
It is wielding a +0 hand axe.
The orc shouts!
The orc priest shouts!
An orc wizard comes into view. It is wielding a +0 dagger.
The orc wizard points at you and mumbles some strange words.
The magic dart hits you!
You closely miss the orc priest. The orc priest barely misses you.
You block the orc priest's attack.
You barely miss the orc priest. You miss the adder.
The adder barely misses you.
A kobold comes into view. It is wielding a +5 short sword.
The orc priest completely misses you. The adder bites you but does no damage.
Unknown command.
You hit the orc priest but do no damage.
You miss the adder. The adder barely misses you.
The orc priest mumbles some strange prayers to Beogh against you.
Pain shoots through your body!
You slash the orc priest!
The orc priest shouts, "Surrender to Beogh and we'll let you live!"
The orc priest is heavily wounded.
The orc priest threatens, "By the altar or by the axe, you will meet Beogh!"
You hit the orc. You closely miss the adder. The adder bites you.
You are poisoned.
The adder poisons you! The orc hits you with a +0 hand axe.
* * * LOW HITPOINT WARNING * * *
The orc priest calls down the wrath of Beogh upon you.
Beogh smites you!
You die...

#.##.# #.##.# #
#.##.###.. .###
#.##...... ... #...## #
##.## ###.#
###.#...#########.#
......S.)......##.##
##.#.o@######.#...###.#
##o## #...#.....# #o
###...##### K. ##.##
.#. #.# ..## #.# .# #.#
#. #.# ..#


You could see an orc priest, an orc wizard, an adder, an orc and a kobold.

Vanquished Creatures
  An adder (D:2)
  A dart slug (D:2)
  An orc (D:3)
  An endoplasm (D:1)
  A giant cockroach (D:1)
  2 goblins
  3 hobgoblins (D:2)
  7 jackals
  2 quokkas
  5 ball pythons
  2 bats (D:1)
  3 frilled lizards
  7 kobolds
  4 rats
40 creatures vanquished.

Notes
Turn   | Place    | Note
-------+----------+-------------------------------------------
     0 | D:1      | Ajdolov the Hill Orc Fighter began the quest for the Orb.
     0 | D:1      | Reached XP level 1. HP: 19/19 MP: 1/1
   110 | D:1      | Reached XP level 2. HP: 13/27 MP: 2/2
   400 | D:1      | Found a faded altar of an unknown god.
   521 | D:1      | Found Moexauda's Distillery.
   679 | D:1      | Found Vulisot's Distillery.
   922 | D:2      | Reached XP level 3. HP: 33/33 MP: 3/3
  1597 | D:2      | Found a runed translucent door.
  1598 | D:2      | Noticed Crazy Yiuf
  1751 | D:3      | Killed from afar by an orc priest

Illustrated notes

Levels and vault maps discovered:
D:1:      dpeg_arrival_tiny_j, layout_rooms,
          shapermc_ecumenical_altar_acropolis, serial_shops,
          nicolae_shop_advertising_works [nicolae_subvault_shop_adworks],
          nicolae_shop_crystal, hangedman_decor_riveting
D:2:      layout_loops_ring, uniq_crazy_yiuf_cottage
D:3:      layout_loops_ring, uniq_jessica

Skill      XL: |  1  2 |
---------------+-------+-----
Axes           | 3 4 |  4.7
Fighting       | 4 |  4.3
Armour         | |  3.2
Shields        | |  3.2

Action                   || total
-------------------------++-------
Melee: War axe           ||   124
Armor: Scale mail        ||    26
       Chain mail        ||    39
Dodge: Dodged            ||    80
Block: Buckler           ||    30

Table legend: (Time is in decaauts)
 A = Elapsed time spent in this place.
 B = Non-inter-level travel time spent in this place.
 C = Inter-level travel time spent in this place.
 D = Time resting spent in this place.
 E = Time spent auto-exploring this place.
 F = Levels seen in this place.
 G = Mean time per level.
                   A        B        C        D        E       F      G
               +--------+--------+--------+--------+--------+-----+--------+
         Total |   1792 |   1713 |     79 |      0 |   1366 |   3 |  597.3 |
       Dungeon |   1792 |   1713 |     79 |      0 |   1366 |   3 |  597.3 |
               +--------+--------+--------+--------+--------+-----+--------+

Top non-repeatable levels by time:
     D:2: 855 daAuts
     D:1: 803 daAuts
     D:3: 134 daAuts
